AoeStats
← FrankSinatrap

Arabia

509994609Analyzed
1v1 RM · 4d ago on Sep 29, 2026· 48m 49s· 2 players
Game mode
Random Map
Map size
Tiny (2 player)
Population
200
Speed
Normal
Resources
Standard
Victory
Conquest
Starting age
Dark Age
Ending age
Imperial Age
RankedLock teamsTeams togetherTeam positionsShared explorationLock speedFull tech treeHidden civsTurbo modeCheats
Victory
Defeat
🇺🇸 Teutons · United States
1334
+15
🇲🇽 Malians · Mexico
1308
-17
FrankSinatrap
8:16 Loom
10:19 Feudal Age
11:05 Man-at-Arms
17:01 Horse Collar
17:11 Double-Bit Axe
20:11 Wheelbarrow
22:23 Castle Age
21:06 Scale Barding Armor
21:21 Bloodlines
21:43 Gold Mining
22:07 Forging
24:13 Chain Barding Armor
24:56 Husbandry
28:14 Iron Casting
27:40 Light Cavalry
28:30 Devotion
39:06 Imperial Age
40:33 Plate Barding Armor
40:42 Hand Cart
39:51 Cavalier
44:33 Crossbowman
45:05 Fletching
45:16 Padded Archer Armor
45:50 Thumb Ring
45:45 Bodkin Arrow
46:04 Arbalester
48:44 Chemistry
48:04 Ballistics
Outback_Wizard
5:06 Loom
10:16 Feudal Age
10:48 Double-Bit Axe
11:31 Horse Collar
13:24 Town Watch
16:31 Forging
21:47 Castle Age
20:04 Scale Barding Armor
20:56 Forging
20:59 Bloodlines
21:11 Gold Mining
26:12 Chain Barding Armor
28:04 Bow Saw
29:25 Iron Casting
29:28 Pikeman
31:08 Wheelbarrow
32:40 Fletching
35:27 Heavy Plow
35:41 Squires
35:42 Scale Mail Armor
36:01 Bodkin Arrow
40:34 Imperial Age
38:56 Chain Mail Armor
40:40 Arson
40:39 Elite Teutonic Knight
42:02 Plate Mail Armor
42:32 Blast Furnace
41:34 Halberdier
45:44 Masonry
46:09 Conscription
46:12 Crenellations
47:33 Gambesons
47:11 Man-at-Arms
Connection lost

Rejoining the realm…

Still unreachable

The connection could not be restored.

Session expired

The server has moved on; the page needs a fresh start.